 Dungeon Crawl Stone Soup version 0.30-a0-702-gdf48620a09 (webtiles) character file.

Game seed: 12051769102998406216

160 KennySheep the Cudgeller (level 6, -1/52 HPs)
             Began as a Meteoran Monk on Jan 21, 2023.
             Slain by a gnoll
             ... wielding a +0 halberd
              (14 damage)
             ... on level 3 of the Dungeon.
             The game lasted 00:08:40 (1004 turns).

KennySheep the Cudgeller (Meteoran Monk)            Turns: 1004, Time: 00:08:40

Health: -1/52      AC:  5    Str: 14    XL:     6   Next: 1%
Magic:  9/9        EV: 13    Int: 13    God:
Gold:   134        SH:  0    Dex: 16    Spells: 5/5 levels left

rFire   + . .      SeeInvis .    a - +0 mace
rCold   + + .      Faith    .    (no shield)
rNeg    . . .      Spirit   .    n - +0 leather armour {rC+}
rPois   +          Reflect  .    h - +0 helmet
rElec   +          Harm     .    p - +0 cloak
rCorr   +          Rampage  .    (no gloves)
Will    .....                    (no boots)
Stlth   +                        e - amulet of the acrobat
HPRegen 0.28/turn                (no ring)
MPRegen 0.11/turn                (no ring)

@: brilliant, resistant, glowing
A: sense surroundings 1, otherworldly, glowing, explore regen
a: no special abilities


You were on level 3 of the Dungeon.
You visited 1 branch of the dungeon, and saw 3 of its levels.

You collected 134 gold pieces.

Inventory:

Hand Weapons
 a - a +0 mace (weapon)
 m - a +0 longbow
Armour
 b - a +0 robe
 h - a +0 helmet (worn)
 n - a +0 leather armour of cold resistance (worn)
 p - a +0 cloak (worn)
Jewellery
 e - an amulet of the acrobat (around neck)
 g - a ring of wizardry
 l - a +6 ring of intelligence
Scrolls
 d - a scroll of fear
 f - a scroll of identify
 i - a scroll of immolation
 j - a scroll of blinking
Potions
 c - a potion of ambrosia


   Skills:
 + Level 3.9 Fighting
 * Level 5.6 Maces & Flails
 + Level 2.1 Armour
 - Level 3.6 Dodging
 - Level 1.4 Stealth
 * Level 3.7 Invocations


You had 5 spell levels left.
You didn't know any spells.
Your spell library was empty.

Dungeon Overview and Level Annotations

Branches:
Dungeon (3/15) Zot: 763

Altars:


Innate Abilities, Weirdness & Mutations

You passively map a small area around you.
You are easily found by Zot.
You glow in the dark.
You regain HP and MP as you explore.


Message History

You are no longer poisoned.
The gnoll closely misses you.
You hit the gnoll.
The gnoll is lightly wounded.
The gnoll barely misses you.
You barely miss the gnoll.
The gnoll is lightly wounded.
The gnoll hits you with a +0 halberd!
You barely miss the gnoll.
The gnoll is lightly wounded.
The gnoll misses you.
You hit the gnoll but do no damage.
The gnoll is lightly wounded.
The gnoll closely misses you.
You hit the gnoll.
The gnoll is moderately wounded.
The gnoll closely misses you. x2
You hit the gnoll.
The gnoll is heavily wounded.
The gnoll hits you with a +0 halberd!
* * * LOW HITPOINT WARNING * * *
You barely miss the gnoll.
The gnoll is heavily wounded.
The gnoll closely misses you.
It was a potion of resistance.
You feel protected. The gnoll hits you but does no damage.
It was a potion of brilliance.
You feel clever all of a sudden. The gnoll misses you.
You closely miss the gnoll.
The gnoll is heavily wounded.
The gnoll barely misses you.
You barely miss the gnoll.
The gnoll is heavily wounded.
The gnoll hits you but does no damage.
You barely miss the gnoll.
The gnoll is heavily wounded.
The gnoll hits you with a +0 halberd!
You die...

* , ,,* * * *
######### .,* ,
#.......###### ...
#.####.......# *
..#..###.####..####.#
* ,
....ggg@....#..####.#
.##.####.##......##.#
* #.####..#.##.# ,**
#..(....#†##.# * ***
##########.......#
#.....# ####.####
#.....# ###.# *
#>....#####..<##
#.....##.......#


You could see 3 gnolls.

Vanquished Creatures
  An orc wizard (D:3)
  A gnoll (D:3)
  8 adders
  A dart slug (D:2)
  6 orcs (D:3)
  6 endoplasms (D:1)
  3 giant cockroaches (D:1)
  6 goblins
  3 hobgoblins
  3 quokkas
  A ball python (D:1)
  5 bats
  3 kobolds
  5 rats
52 creatures vanquished.

Notes
Turn   | Place    | Note
-------+----------+-------------------------------------------
     0 | D:1      | KennySheep the Meteoran Monk began the quest for the Orb.
     0 | D:1      | Reached XP level 1. HP: 19/19 MP: 2/2
    52 | D:1      | Reached skill level 1 in Invocations
    53 | D:1      | Reached XP level 2. HP: 9/26 MP: 3/3
   179 | D:1      | Reached XP level 3. HP: 25/31 MP: 5/5
   320 | D:1      | You fall into a shaft and drop 1 floor!
   359 | D:2      | Reached skill level 1 in Armour
   372 | D:2      | Reached XP level 4. HP: 24/38 MP: 6/6
   535 | D:2      | Reached skill level 5 in Maces & Flails
   643 | D:2      | Reached XP level 5. HP: 42/45 MP: 8/8
   990 | D:3      | Reached XP level 6. HP: 30/52 MP: 9/9
  1004 | D:3      | Slain by a gnoll

Illustrated notes

Levels and vault maps discovered:
D:1:      lightli_arrival_quake, layout_rooms, nicolae_kite_square_tiling_tiny
D:2:      layout_rooms
D:3:      minmay_angry_zag, layout_loops_cross, lemuel_doored_altar,
          mainiacjoe_overflow_alcove_4

Skill      XL: |  1  2  3  4  5 |
---------------+----------------+-----
Invocations    | 1 2 3 |  3.7
Armour         | 1 2 |  2.1
Maces & Flails | 5 |  5.6
Fighting       | |  3.9
Dodging        | |  3.6
Stealth        | |  1.4

Action                   |  1- 3 |  4- 6 || total
-------------------------+-------+-------++-------
Melee: Mace              |    81 |   129 ||   210
       Punch             |     1 |     1 ||     2
  Use: Potion            |     1 |     3 ||     4
       Scroll            |       |     3 ||     3
Armor: Robe              |    14 |     9 ||    23
       Skin              |    25 |     8 ||    33
       Leather armour    |       |    31 ||    31
Dodge: Dodged            |    39 |    91 ||   130

Table legend: (Time is in decaauts)
 A = Elapsed time spent in this place.
 B = Non-inter-level travel time spent in this place.
 C = Inter-level travel time spent in this place.
 D = Time resting spent in this place.
 E = Time spent auto-exploring this place.
 F = Levels seen in this place.
 G = Mean time per level.
                   A        B        C        D        E       F      G
               +--------+--------+--------+--------+--------+-----+--------+
         Total |   1035 |   1021 |     14 |     91 |      6 |   3 |  345.0 |
       Dungeon |   1035 |   1021 |     14 |     91 |      6 |   3 |  345.0 |
               +--------+--------+--------+--------+--------+-----+--------+

Top non-repeatable levels by time:
     D:2: 456 daAuts
     D:1: 328 daAuts
     D:3: 250 daAuts
